 Dungeon Crawl Stone Soup version 0.25-a0-566-g062765b (webtiles) character file.

Game seed: 16804727838483760234, levelgen mode: deterministic

151 CanOfBees the Conjurer (level 5, -6/41 HPs)
             Began as a Draconian Conjurer on Feb 29, 2020.
             Mangled by a gnoll
             ... wielding a +0 spear
              (8 damage)
             ... on level 3 of the Dungeon.
             The game lasted 00:07:02 (3173 turns).

CanOfBees the Conjurer (Draconian Conjurer)         Turns: 3173, Time: 00:07:03

Health: -6/41      AC:  5    Str: 11    XL:     5   Next: 10%
Magic:  7/9        EV: 12    Int: 16    God:
Gold:   165        SH:  0    Dex: 11    Spells: 3/9 levels left

rFire    . . .     SeeInvis .   q - +5 trident (venom)
rCold    . . .     Gourm    .   (no shield)
rNeg     . . .     Faith    .   (armour unavailable)
rPois    .         Spirit   .   (helmet restricted)
rElec    .         Reflect  .   (no cloak)
rCorr    .         Harm     .   (no gloves)
MR       .....                  (no boots)
Stlth    +.........             (no amulet)
HPRegen  0.13/turn              (no ring)
MPRegen  0.11/turn              (no ring)

@: glowing
A: unfitting armour, cold-blooded, AC +5
a: no special abilities


You were on level 3 of the Dungeon.
You were hungry.

You visited 1 branch of the dungeon, and saw 3 of its levels.

You collected 165 gold pieces.

Inventory:

Hand Weapons
 q - a +5 trident of venom (weapon)
Missiles
 e - 10 poisoned darts
 h - 17 arrows
 j - 5 boomerangs (quivered)
 k - 3 datura-tipped darts
 m - 33 stones
 s - 6 bolts
Armour
 l - a +0 tower shield
Wands
 f - a wand of polymorph (7)
Potions
 d - 2 potions of berserk rage {unknown}
 g - a potion of heal wounds {unknown}
 i - a potion of stabbing {unknown}
 p - 2 potions of invisibility {unknown}
Comestibles
 a - 3 chunks of flesh
 b - 6 rations


   Skills:
 + Level 2.1 Fighting
 + Level 2.5 Dodging
 - Level 1.7 Stealth
 + Level 2.7 Spellcasting
 * Level 5.0 Conjurations
 + Level 0.6 Hexes


You had 3 spell levels left.
You knew the following spells:

 Your Spells              Type           Power        Failure   Level  Hunger
a - Magic Dart            Conj           ###.         2%          1    #......
b - Searing Ray           Conj           ###...       3%          2    ##.....
c - Dazzling Flash        Conj/Hex       ##....       19%         3    ###....

Your spell library contained the following spells:

 Spells                   Type           Power        Failure   Level  Hunger
 Fulminant Prism          Conj/Hex       ##........   52%         4    #####..
 Iskenderun's Mystic Bla  Conj/Tloc      ##......     56%         4    #####..


Dungeon Overview and Level Annotations

Branches:
Dungeon (3/15)

Altars:


Innate Abilities, Weirdness & Mutations

Your plain brown scales are hard. (AC +5)
You cannot fit into any form of body armour.
You are cold-blooded and may be slowed by cold attacks.


Message History

You aren't carrying any scrolls.
Unknown command.
The bat hits you.
* * * LOW HITPOINT WARNING * * *
The gnoll hits you from afar with a +0 spear!
* * * LOW HITPOINT WARNING * * *
You puncture the bat!
You kill the bat!
The gnoll barely misses you.
The gnoll hits you from afar with a +0 spear.
* * * LOW HITPOINT WARNING * * *
The gnoll closely misses you. The gnoll hits you but does no damage.
The leopard gecko bites you.
* * * LOW HITPOINT WARNING * * *
The gnoll barely misses you. The gnoll closely misses you.
The leopard gecko barely misses you.
You see here a bat corpse.
The gnoll barely misses you.
The gnoll hits you from afar with a +0 spear!
You die...

###.#..##.##.##......# #. #
##............##......# #. #
##.............#####..## ## #
#............[........)# #
#...............####.#.# # ###
#........g......# #.#.## #
..#####......gg.ggg...# #.#..###
#...g...........l.....# #.....##
.######.<.......@.....# ###.#..#
..####...............## #.##..
#.##÷)..#.....#......#######.....
.g.....####........#...#......##.
.g#.#######........##....###.###.
..g.# ##.............#.## #.###.
.#÷## #...........####÷# #..##.
.#.#####...........# #.# #.##.
...g.....##........# #.### #.###


You could see a gnoll shaman, 5 gnolls and a leopard gecko.

Vanquished Creatures
  Jessica (D:2)
  3 gnolls (D:3)
  3 adders (D:2)
  A worm (D:2)
  3 dart slugs
  A leopard gecko (D:1)
  5 orcs (D:3)
  A ball python (D:3)
  7 bats
  3 giant cockroaches
  5 goblins
  4 hobgoblins
  7 jackals (D:3)
  A quokka (D:3)
  3 frilled lizards (D:2)
  A kobold (D:1)
  4 rats
53 creatures vanquished.

Notes
Turn   | Place    | Note
-------+----------+-------------------------------------------
     0 | D:1      | CanOfBees the Draconian Conjurer began the quest for the
                  | Orb.
     0 | D:1      | Reached XP level 1. HP: 14/14 MP: 3/3
   393 | D:1      | Reached XP level 2. HP: 22/22 MP: 0/5
   397 | D:1      | Learned a level 2 spell: Searing Ray
   977 | D:2      | Reached skill level 1 in Fighting
  1066 | D:2      | Reached XP level 3. HP: 28/28 MP: 0/6
  1341 | D:2      | Noticed Jessica
  1346 | D:2      | Killed Jessica
  1486 | D:2      | Reached XP level 4. HP: 35/35 MP: 3/7
  2095 | D:2      | Found a faded altar of an unknown god.
  2326 | D:2      | Learned a level 3 spell: Dazzling Flash
  2916 | D:3      | Reached skill level 5 in Conjurations
  3112 | D:3      | Reached XP level 5. HP: 36/41 MP: 7/9
  3171 | D:3      | HP: 2/41 [gnoll/+0 spear (1)]
  3173 | D:3      | Mangled by a gnoll

Levels and vault maps discovered:
D:1:      dpeg_arrival_rhombus, layout_loops_ring
D:2:      layout_basic, chequers_ecumenical_altar_simple, minmay_circle_x,
          uniq_jessica
D:3:      layout_rooms

Skill      XL: |  1  2  3  4 |
---------------+-------------+-----
Dodging        | 2 |  2.5
Fighting       | 1 2 |  2.1
Conjurations   | 5 |  5.0
Stealth        | |  1.7
Spellcasting   | |  2.7
Hexes          | |  0.6

Action                   |  1- 3 |  4- 6 || total
-------------------------+-------+-------++-------
Melee: Unarmed           |     6 |       ||     6
       Tailslap          |     1 |     3 ||     4
       Trident           |       |    46 ||    46
       Dagger            |       |    13 ||    13
Throw: Boomerang         |       |     6 ||     6
 Cast: Magic Dart        |    32 |    39 ||    71
       Searing Ray       |     4 |     5 ||     9
  Use: Scroll            |       |     9 ||     9
       Potion            |       |     2 ||     2
  Eat: Chunk             |     2 |     6 ||     8
Armor: Skin              |     5 |    58 ||    63
Dodge: Dodged            |    12 |    95 ||   107

Table legend:
 A = Non-vault XP
 B = Vault XP
 C = Vault XP percentage of total XP
 D = Non-vault monster count
 E = Vault monster count
 F = Vault count percentage of total count
                 A         B        C        D         E       F
            +---------+---------+-------+---------+---------+-------
      Total |     168 |      48 |  22.2 |      46 |       7 |  13.2
            +---------+---------+-------+---------+---------+-------
        D:1 |      20 |       2 |   9.1 |       9 |       2 |  18.2
        D:2 |      53 |      46 |  46.5 |      11 |       5 |  31.2
        D:3 |      95 |       0 |   0.0 |      26 |       0 |   0.0
            +---------+---------+-------+---------+---------+-------
